 Dungeon Crawl Stone Soup version 0.22-a0-880-gb7b0c8b (webtiles) character file.

158 Kuinu the Grasshopper (level 5, -9/45 HPs)
             Began as a Draconian Warper on July 30, 2018.
             Mangled by an ogre
             ... wielding a +0 giant club
              (22 damage)
             ... on level 3 of the Dungeon.
             The game lasted 00:09:56 (3524 turns).

Kuinu the Grasshopper (Draconian Warper)            Turns: 3524, Time: 00:09:56

Health: -9/45      AC:  6    Str: 14    XL:     5   Next: 16%
Magic:  8/8        EV: 12    Int: 14    God:
Gold:   104        SH:  0    Dex: 10    Spells: 1/8 levels left

rFire    . . .     SeeInvis .   a - +0 falchion
rCold    . . .     Gourm    .   (no shield)
rNeg     . . .     Faith    .   (armour unavailable)
rPois    .         Spirit   .   (helmet restricted)
rElec    .         Reflect  .   (no cloak)
rCorr    .         Harm     .   t - +0 pair of gloves
MR       .....                  (no boots)
Stlth    +.........             (no amulet)
HPRegen  0.15/turn              (no ring)
MPRegen  0.11/turn              (no ring)

@: drained
A: unfitting armour, cold-blooded, AC +5
a: no special abilities


You were on level 3 of the Dungeon.
You were not hungry.

You visited 1 branch of the dungeon, and saw 5 of its levels.

You collected 104 gold pieces.

Inventory:

Hand Weapons
 a - a +0 falchion (weapon)
Missiles
 d - 5 tomahawks of dispersal (quivered)
Armour
 p - a +2 buckler
 t - a +0 pair of gloves (worn)
Scrolls
 b - a scroll of magic mapping {unknown}
 c - 4 scrolls of blinking
 g - a scroll of enchant weapon {unknown}
 h - a scroll of immolation {unknown}
 i - a scroll of enchant armour {unknown}
 k - 2 scrolls of teleportation
 m - 2 scrolls of fog {unknown}
 q - 2 scrolls of remove curse {unknown}
 r - a scroll of amnesia {unknown}
Potions
 e - a potion of invisibility {unknown}
 j - a potion of cancellation
 l - a potion of degeneration {unknown}
 o - 2 potions of curing
 s - a potion of berserk rage {unknown}
 u - a potion of brilliance {unknown}
Comestibles
 f - 5 rations
 n - a chunk of flesh


   Skills:
 * Level 3.4(3.3) Fighting
 * Level 3.0(2.9) Long Blades
 + Level 1.4(1.3) Throwing
 * Level 3.0(2.9) Dodging
 + Level 2.4(2.3) Spellcasting
 * Level 3.5(3.4) Translocations


You had one spell level left.
You knew the following spells:

 Your Spells              Type           Power        Failure   Level  Hunger
a - Shroud of Golubria    Chrm/Tloc      #.........   17%         2    ###....
b - Blink                 Tloc           N/A          9%          2    ###....
c - Gell's Gravitas       Tloc           ##........   17%         3    ###....

Your spell library contained the following spells:

 Spells                   Type           Power        Failure   Level  Hunger
 Teleport Other           Tloc           ##......     17%         3    ###....
 Passage of Golubria      Tloc           N/A          50%         4    #####..
 Lesser Beckoning         Tloc           ##........   17%         3    ###....


Dungeon Overview and Level Annotations

Branches:
Dungeon (5/15)
 Temple: D:4-7

Altars:


Innate Abilities, Weirdness & Mutations

Your plain brown scales are hard. (AC +5)
You cannot fit into any form of body armour.
You are cold-blooded and may be slowed by cold attacks.


Message History

You miscast Shroud of Golubria.
Multicoloured lights dance before your eyes!
The ogre hits you with a giant club!
Casting: Shroud of Golubria (safe; 17% risk of failure)
Confirm with . or Enter, or press ? or * to list all spells.
You miscast Shroud of Golubria.
Nothing appears to happen.
The ogre hits you with a giant club!
* * * LOW HITPOINT WARNING * * *
Things that are here:
a glowing helmet; an animal skin; a mace
There is a stone staircase leading up, spattered with blood here.
The ogre hits you with a giant club!
* * * LOW HITPOINT WARNING * * *
You climb upwards.
There is a stone staircase leading down here.
Your magical contamination has completely faded away.
You see here 16 bolts.
There is an escape hatch in the floor here.
The ogre hits you with a giant club!!
You die...

##.####......##)(## #.##
#....<.#.......## ##.#
#......#.....### #..#
#.##..###....### #.##
#.##..# #....>.### #.#
#.##..# #....#...# #.#
##.##..# ####..)(.# #.#
...##..# ####O.### #.#
.####..# #@...# #.# ...##..#
##...####.# #...#..#
##....##.# #.#....#
#..#.##.# #...##[#
##.#.##.## .##....#
#.#.##..# .####..##########
#....##.#
................####.#.##.##
.#####..#######............#


You could see an ogre.

Vanquished Creatures
  Robin (D:4)
  3 adders
  2 oozes
  4 worms
  3 dart slugs
  2 leopard geckos (D:2)
  An orc (D:3)
  A ball python (D:2)
  7 bats
  4 giant cockroaches
  23 goblins
  13 hobgoblins
  7 kobolds
  A quokka (D:2)
  3 frilled lizards (D:2)
  10 rats
85 creatures vanquished.

Notes
Turn   | Place    | Note
-------+----------+-------------------------------------------
     0 | D:1      | Kuinu the Draconian Warper began the quest for the Orb.
     0 | D:1      | Reached XP level 1. HP: 17/17 MP: 3/3
   121 | D:1      | Reached skill level 1 in Throwing
   174 | D:1      | Reached XP level 2. HP: 23/25 MP: 5/5
   219 | D:1      | Learned a level 2 spell: Shroud of Golubria
   222 | D:1      | Learned a level 2 spell: Blink
  1086 | D:1      | Reached XP level 3. HP: 30/30 MP: 6/6
  1660 | D:2      | Reached XP level 4. HP: 37/37 MP: 5/7
  1853 | D:2      | Learned a level 3 spell: Gell's Gravitas
  2479 | D:3      | Noticed Robin
  2774 | D:4      | Killed Robin
  2774 | D:4      | Reached XP level 5. HP: 43/45 MP: 0/8
  2827 | D:4      | Noticed an ogre
  2839 | D:5      | Entered Level 5 of the Dungeon
  3524 | D:3      | Mangled by an ogre

Vault maps used:
D:1:      moated_graveyard_arrival, minmay_crystal_room
D:3:      lemuel_upstairs_altar, first_ration, uniq_natasha, uniq_robin
D:4:      portal_sewer_entry_e
D:5:      uniq_grinder

Skill      XL: |  1  2  3  4  5 |
---------------+----------------+-----
Throwing       | 1 |  1.4
Fighting       | 3 |  3.4
Long Blades    | 3 |  3.0
Dodging        | 3 |  3.0
Spellcasting   | |  2.4
Translocations | |  3.5

Action                   |  1- 3 |  4- 6 || total
-------------------------+-------+-------++-------
Melee: Falchion          |   119 |   117 ||   236
       Tailslap          |    11 |    12 ||    23
 Cast: Shroud of Golubri |     4 |     8 ||    12
       Gell's Gravitas   |       |     3 ||     3
       Blink             |       |     3 ||     3
  Use: Scroll            |       |     3 ||     3
 Stab: Sleeping          |     1 |       ||     1
  Eat: Chunk             |     3 |     4 ||     7
       Ration            |       |     1 ||     1
Armor: Skin              |    40 |    36 ||    76
Dodge: Dodged            |    85 |   102 ||   187
       Rpst.: Falchion   |    21 |    31 ||    52

Table legend:
 A = Spawn XP
 B = Non-spawn XP
 C = Spawn XP percentage of total XP
 D = Spawn monster count
 E = Non-spawn monster count
 F = Spawn count percentage of total count
 G = Total turns spent on level
                    A         B        C        D         E        F      G
               +---------+---------+-------+---------+---------+-------+---------
         Total |       0 |     227 |   0.0 |       0 |      85 |   0.0 |  3524
               +---------+---------+-------+---------+---------+-------+---------
           D:1 |       0 |      49 |   0.0 |       0 |      27 |   0.0 |  1457
           D:2 |       0 |      99 |   0.0 |       0 |      33 |   0.0 |  1050
           D:3 |       0 |      60 |   0.0 |       0 |      22 |   0.0 |   845
           D:4 |       0 |      19 |   0.0 |       0 |       3 |   0.0 |   158
               +---------+---------+-------+---------+---------+-------+---------
